[Event "January 9 Late 2024"]
[Site "https://www.chess.com"]
[Date "2024.01.09"]
[Round "7"]
[White "Ivanov, Aleksandr"]
[Black "Celestino, Rafael Teixeira"]
[Result "0-1"]
[Board "176"]
[TimeControl "180+1"]
[WhiteFideId "2092980"]
[BlackFideId "2108925"]
[WhiteElo "2150"]
[BlackElo "2219"]
[WhiteTeam "USA"]
[BlackTeam "BRA"]
[WhiteClock "0:00:00"]
[BlackClock "0:00:23"]

1. d4 Nf6 2. c4 g6 3. Nc3 Bg7 4. e4 O-O 5. Nf3 d6 6. Be2 e5 7. Be3 Nc6 8. d5 Ne7 9. Nd2 Ne8 10. b4 f5 11. f3 b6 12. c5 bxc5 13. bxc5 Rf7 14. c6 f4 15. Bf2 g5 16. Nb5 a6 17. Na7 h5 18. Nxc8 Qxc8 19. Rb1 g4 20. Qb3 Ng6 21. Qb7 Qd8 22. Kd1 Nf6 23. Kc2 Rf8 24. Rb3 Kh7 25. a4 Kh6 26. Rhb1 Qe7 27. a5 Bh8 28. Bb6 cxb6 29. Qxe7 Nxe7 30. axb6 Rab8 31. Bxa6 gxf3 32. gxf3 Nfxd5 33. exd5 Nxd5 34. Ne4 Rg8 35. c7 Ra8 36. Bb7 Ra2+ 37. Kd3 Ne7 38. Nxd6 e4+ 39. Kxe4 Rg5 40. Nf7+ Kg6 41. Nxg5 Kxg5 42. Rb5+ Kh4 43. c8=Q Re2+ 44. Kd3 Re3+ 45. Kd2 Nxc8 46. Bxc8 Bc3+ 0-1

[Event "January 9 Late 2024"]
[Site "https://www.chess.com"]
[Date "2024.01.09"]
[Round "7"]
[White "Sailer, Mike"]
[Black "Smirnov, Timofey"]
[Result "1-0"]
[Board "177"]
[TimeControl "180+1"]
[WhiteFideId "2012901"]
[BlackFideId "24176427"]
[WhiteElo "2205"]
[BlackElo "1995"]
[WhiteTeam "USA"]
[BlackTeam "RUS"]
[WhiteClock "0:00:06"]
[BlackClock "0:00:00"]

1. d4 d5 2. Bf4 Bf5 3. e3 e6 4. Nc3 Nf6 5. f3 h6 6. g4 Bh7 7. Bd3 Bxd3 8. Qxd3 Bd6 9. Nge2 Nc6 10. a3 Qd7 11. O-O-O O-O-O 12. h4 a6 13. Bxd6 Qxd6 14. g5 hxg5 15. hxg5 Nh5 16. g6 f5 17. Kb1 f4 18. e4 dxe4 19. fxe4 e5 20. d5 Ne7 21. Qh3+ Kb8 22. Rdg1 Nxg6 23. Qf5 Ne7 24. Qg5 g6 25. Na2 Qf6 26. Qg4 Rdf8 27. Rf1 Ng7 28. Nb4 Rh5 29. Qd7 Qd6 30. Qa4 Rfh8 31. Rxh5 Rxh5 32. c4 Nc8 33. Nd3 Nb6 34. Qb3 Ne8 35. c5 Qd8 36. cxb6 cxb6 37. Rc1 Qe7 38. Qc3 Qd6 39. Qxe5 Qxe5 40. Nxe5 1-0

[Event "January 9 Late 2024"]
[Site "https://www.chess.com"]
[Date "2024.01.09"]
[Round "7"]
[White "Burke, Paul"]
[Black "Vila Dupla, Aurelio"]
[Result "1-0"]
[Board "178"]
[TimeControl "180+1"]
[WhiteFideId "2605767"]
[BlackFideId "2203383"]
[WhiteElo "1881"]
[BlackElo "2168"]
[WhiteTeam "CAN"]
[BlackTeam "ESP"]
[WhiteClock "0:00:21"]
[BlackClock "0:00:00"]

1. e4 c5 2. Nf3 d6 3. d4 cxd4 4. c3 dxc3 5. Nxc3 Nc6 6. Bc4 e6 7. O-O a6 8. a3 Be7 9. Qe2 Bd7 10. Rd1 Nf6 11. Bg5 O-O 12. Bxf6 gxf6 13. Rac1 Kh8 14. Ba2 Ne5 15. Nd4 Rg8 16. f4 Nc6 17. Nf3 Qb6+ 18. Kh1 Rg7 19. e5 fxe5 20. fxe5 d5 21. Bxd5 Rag8 22. Ne1 exd5 23. Nxd5 Qd8 24. Nf6 Bxf6 25. exf6 Rg6 26. Nf3 Qxf6 27. Rxd7 Rxg2 28. Qe3 Rxb2 29. Rg1 Rxg1+ 30. Nxg1 1-0

[Event "January 9 Late 2024"]
[Site "https://www.chess.com"]
[Date "2024.01.09"]
[Round "7"]
[White "Gulamirian, Korun"]
[Black "Reinecke, Katharina"]
[Result "0-1"]
[Board "179"]
[TimeControl "180+1"]
[WhiteFideId "4144899"]
[BlackFideId "12929727"]
[WhiteElo "1636"]
[BlackElo "2027"]
[WhiteTeam "RUS"]
[BlackTeam "GER"]
[WhiteClock "0:00:00"]
[BlackClock "0:00:36"]

1. e4 c6 2. Nc3 d5 3. Nf3 Bg4 4. h3 Bxf3 5. Qxf3 e6 6. exd5 cxd5 7. d4 Nf6 8. Bd3 Nc6 9. Ne2 Be7 10. c3 O-O 11. O-O a6 12. Nf4 b5 13. a3 Na5 14. Qd1 Nc4 15. b3 Nd6 16. Bc2 Rc8 17. Qd3 Nde4 18. Bb2 Qc7 19. Ne2 g6 20. f3 Nd6 21. g4 a5 22. Kg2 Qb6 23. h4 b4 24. axb4 axb4 25. Ra6 Qb7 26. Rfa1 Ra8 27. Rxa8 Rxa8 28. Rxa8+ Qxa8 29. cxb4 Qa2 30. Qc3 Nb5 31. Qc8+ Bf8 32. Bd3 Qxb2 33. Bxb5 Qxb3 34. g5 Nh5 35. Qc3 Nf4+ 36. Kf2 Qxc3 37. Nxc3 Bxb4 38. Na4 Kg7 39. Ke3 Ng2+ 40. Kd3 Nxh4 41. Nc5 Nxf3 0-1

[Event "January 9 Late 2024"]
[Site "https://www.chess.com"]
[Date "2024.01.09"]
[Round "7"]
[White "Vargas, Mauricio"]
[Black "Ambrogi, Agustin"]
[Result "0-1"]
[Board "180"]
[TimeControl "180+1"]
[WhiteFideId "4404572"]
[BlackFideId "170933"]
[WhiteElo "1852"]
[BlackElo "2383"]
[WhiteTeam "COL"]
[BlackTeam "ARG"]
[WhiteClock "0:00:00"]
[BlackClock "0:02:10"]

1. e4 Nf6 2. e5 Nd5 3. Nc3 Nxc3 4. bxc3 d5 5. d4 Bf5 6. Bd3 Bxd3 7. cxd3 e6 8. Nf3 Nd7 9. O-O Be7 10. Rb1 b6 11. Be3 O-O 12. Qd2 Rc8 13. Bg5 c5 14. dxc5 bxc5 15. d4 h6 16. Bxe7 Qxe7 17. Rb7 Rb8 18. Rfb1 Rxb7 19. Rxb7 Rb8 20. Rxb8+ Nxb8 21. Qb2 Qc7 22. h3 Nd7 23. Qb5 cxd4 24. cxd4 Nb6 25. Qe8+ Kh7 26. Kh2 Nc4 27. Qb5 f6 28. Qb1+ g6 29. Nh4 f5 30. Nf3 g5 31. g4 Kg6 32. h4 Qb6 33. h5+ Kf7 34. Qc2 Qb2 35. Qxb2 Nxb2 36. gxf5 Nd1 37. fxe6+ Kxe6 38. Kg3 Nc3 39. a3 Nb1 40. a4 a6 41. a5 Nc3 42. Kg4 Ne2 43. Kh3 Nf4+ 0-1

[Event "January 9 Late 2024"]
[Site "https://www.chess.com"]
[Date "2024.01.09"]
[Round "7"]
[White "Bassan Noriega, Remo Enrique"]
[Black "Guzman Lozano, Campo Elias"]
[Result "1-0"]
[Board "181"]
[TimeControl "180+1"]
[WhiteFideId "3901564"]
[BlackFideId "4403746"]
[WhiteElo "2548"]
[BlackElo "2165"]
[WhiteTeam "VEN"]
[BlackTeam "COL"]
[WhiteClock "0:01:15"]
[BlackClock "0:00:15"]

1. Nf3 c5 2. g3 Nc6 3. Bg2 g6 4. O-O Bg7 5. c3 d6 6. d4 cxd4 7. cxd4 Nf6 8. Nc3 Bf5 9. h3 Ne4 10. Nxe4 Bxe4 11. d5 Bxf3 12. exf3 Ne5 13. f4 Nd7 14. h4 h5 15. f5 O-O 16. fxg6 fxg6 17. Qe2 Rf5 18. Be4 Rf6 19. Bg5 Nf8 20. Bxf6 exf6 21. Rac1 Qd7 22. Bg2 Re8 23. Qd3 f5 24. Rc2 Qa4 25. Rc7 Bxb2 26. Rxb7 Qd4 27. Qb5 1-0

[Event "January 9 Late 2024"]
[Site "https://www.chess.com"]
[Date "2024.01.09"]
[Round "7"]
[White "Garcia Correa, Jose Ricardo"]
[Black "Bhandari, Krish"]
[Result "1-0"]
[Board "183"]
[TimeControl "180+1"]
[WhiteFideId "5101832"]
[BlackFideId "30955106"]
[WhiteElo "2196"]
[BlackElo "2113"]
[WhiteTeam "MEX"]
[BlackTeam "USA"]
[WhiteClock "0:01:26"]
[BlackClock "0:00:00"]

1. e4 Nf6 2. e5 Nd5 3. c4 Nb6 4. d4 d6 5. exd6 exd6 6. Nc3 Be7 7. Be3 O-O 8. h3 N8d7 9. Nf3 Nf6 10. Rc1 Bf5 11. Be2 c6 12. Nh4 Be6 13. b3 d5 14. c5 Nbd7 15. Nf3 Ne4 16. Nxe4 dxe4 17. Nd2 f5 18. Bc4 Bxc4 19. Nxc4 f4 20. Bd2 e3 21. fxe3 Bh4+ 22. Ke2 Qg5 23. Rg1 Rae8 24. Kd3 Qg6+ 25. Kc3 Bf2 26. exf4 Bxg1 27. Qxg1 Re2 28. g4 Nf6 29. f5 Nd5+ 30. Kd3 Qe8 31. Ne5 Rxe5 32. dxe5 Qxe5 33. Kc2 Qe4+ 34. Kb2 Rd8 35. Qe1 Qd4+ 36. Bc3 Qd3 37. Qe6+ Kh8 38. f6 Nxf6 39. Bxf6 gxf6 40. Qxf6+ Kg8 41. Qc3 Qd2+ 42. Rc2 Qxc3+ 43. Kxc3 Rd5 44. b4 h5 45. Rd2 Rg5 46. Rg2 hxg4 47. Rxg4 Rxg4 48. hxg4 Kg7 49. Kd4 Kf6 50. Ke4 Ke6 51. g5 b5 52. g6 Kf6 53. g7 Kxg7 54. Ke5 Kf7 55. Kd6 1-0

[Event "January 9 Late 2024"]
[Site "https://www.chess.com"]
[Date "2024.01.09"]
[Round "7"]
[White "Van Baar, Esper"]
[Black "Piscicelli, Daniel Orlando"]
[Result "0-1"]
[Board "184"]
[TimeControl "180+1"]
[WhiteFideId "1049321"]
[BlackFideId "101958"]
[WhiteElo "2088"]
[BlackElo "2167"]
[WhiteTeam "NED"]
[BlackTeam "ARG"]
[WhiteClock "0:00:06"]
[BlackClock "0:00:11"]

1. d4 Nf6 2. Bf4 g6 3. Nf3 Bg7 4. e3 O-O 5. Be2 d6 6. h3 Bf5 7. O-O c5 8. c3 Nc6 9. Nbd2 Rc8 10. Qb3 Na5 11. Qa4 a6 12. Rfe1 b5 13. Qd1 Re8 14. Bf1 Ne4 15. Nxe4 Bxe4 16. Ng5 Bb7 17. Qg4 h6 18. Nf3 e5 19. dxe5 dxe5 20. Bh2 Qf6 21. Red1 Bxf3 22. Qxf3 Qxf3 23. gxf3 Red8 24. a4 Nc4 25. axb5 axb5 26. Bxc4 bxc4 27. Kf1 Rb8 28. Rxd8+ Rxd8 29. Ke2 Bf6 30. f4 e4 31. f5 gxf5 32. Bc7 Rc8 33. Bf4 Kg7 34. Ra4 Bg5 35. Be5+ Bf6 36. Bxf6+ Kxf6 37. Rxc4 Ke5 38. Rxc5+ Rxc5 0-1

[Event "January 9 Late 2024"]
[Site "https://www.chess.com"]
[Date "2024.01.09"]
[Round "8"]
[White "Nepomniachtchi, Ian"]
[Black "Dubov, Daniil"]
[Result "1/2-1/2"]
[Board "1"]
[TimeControl "180+1"]
[WhiteFideId "4168119"]
[BlackFideId "24126055"]
[WhiteElo "3137"]
[BlackElo "3134"]
[WhiteTeam "RUS"]
[BlackTeam "RUS"]
[WhiteClock "0:03:11"]
[BlackClock "0:02:56"]

1. Nf3 Nf6 2. Nd4 Nd5 3. Nb3 Nb6 4. Nc3 Nc6 5. Ne4 Ne5 6. Ng5 Ng4 7. Nf3 Nf6 8. Ng1 Ng8 9. Nc5 Nc4 10. Na4 Na5 11. Nc3 Nc6 12. Nb1 Nb8 13. Nf3 Nf6 14. Nd4 Nd5 15. Nb3 Nb6 16. Nc3 Nc6 17. Ne4 Ne5 18. Ng5 Ng4 19. Nf3 Nf6 20. Ng1 Ng8 21. Nc5 Nc4 22. Na4 Na5 23. Nc3 Nc6 24. Nb1 Nb8 25. Nf3 1/2-1/2

[Event "January 9 Late 2024"]
[Site "https://www.chess.com"]
[Date "2024.01.09"]
[Round "8"]
[White "Nakamura, Hikaru"]
[Black "Iturrizaga Bonelli, Eduardo"]
[Result "1-0"]
[Board "2"]
[TimeControl "180+1"]
[WhiteFideId "2016192"]
[BlackFideId "3901211"]
[WhiteElo "3203"]
[BlackElo "3043"]
[WhiteTeam "USA"]
[BlackTeam "ESP"]
[WhiteClock "0:00:07"]
[BlackClock "0:00:00"]

1. Nf3 Nf6 2. g3 b6 3. Bg2 Bb7 4. O-O c5 5. a3 g6 6. b4 Bg7 7. Bb2 O-O 8. c4 d6 9. d3 Na6 10. Qb3 Nc7 11. Rd1 Ne6 12. Nbd2 Qc7 13. e3 Rfe8 14. Rac1 Nf8 15. d4 cxd4 16. exd4 e5 17. dxe5 dxe5 18. c5 Bd5 19. Qa4 bxc5 20. Rxc5 Qb7 21. Qb5 Rad8 22. Qxb7 Bxb7 23. Rcc1 e4 24. Ne1 Ba6 25. Nb3 Rxd1 26. Rxd1 e3 27. fxe3 Ng4 28. Bxg7 Kxg7 29. Nc2 Bc4 30. Nc5 Ne6 31. Nxe6+ Rxe6 32. Rd4 Bb3 33. Rxg4 Bxc2 34. Rc4 Ba4 35. Kf2 Rf6+ 36. Ke1 Rd6 37. Rd4 Ra6 38. Bf1 Rc6 39. Bc4 Rc7 40. Kd2 Kf6 41. Kd3 Bc6 42. b5 Bb7 43. a4 Ke5 44. a5 f5 45. Kc3 Be4 46. Kb4 Rb7 47. Rd8 Bc6 48. Kc5 Bd7 49. b6 axb6+ 50. axb6 Ba4 51. Ra8 Bd7 52. Ra7 Bc8 53. Bd5 Rb8 54. Ra8 Rxa8 55. Bxa8 Ba6 56. Bf3 g5 57. Kc6 h6 58. Kc7 h5 59. Bxh5 Ke4 60. Be2 1-0

[Event "January 9 Late 2024"]
[Site "https://www.chess.com"]
[Date "2024.01.09"]
[Round "8"]
[White "Xiong, Jeffery"]
[Black "Firouzja, Alireza"]
[Result "1-0"]
[Board "3"]
[TimeControl "180+1"]
[WhiteFideId "2047640"]
[BlackFideId "12573981"]
[WhiteElo "3026"]
[BlackElo "3168"]
[WhiteTeam "USA"]
[BlackTeam "FRA"]
[WhiteClock "0:00:49"]
[BlackClock "0:00:00"]

1. e4 Nc6 2. Nf3 d6 3. d4 Nf6 4. Nc3 g6 5. Be3 Bg7 6. Qd2 Ng4 7. Bg5 h6 8. Bh4 g5 9. Bg3 e5 10. d5 Ne7 11. h4 f6 12. Ng1 f5 13. f3 f4 14. fxg4 fxg3 15. hxg5 Ng8 16. Bb5+ Kf7 17. Nge2 Qxg5 18. Qxg5 hxg5 19. Rxh8 Bxh8 20. Nxg3 Bxg4 21. Nd1 a6 22. Ne3 axb5 23. Nxg4 Nf6 24. Nxf6 Bxf6 25. Ke2 g4 26. a3 Kg6 27. Rh1 Bg5 28. Nf5 Ra4 29. Kd3 c6 30. c3 cxd5 31. Nxd6 Be7 32. Nxb5 dxe4+ 33. Ke2 Ra8 34. Ke3 Rf8 35. b4 Rf4 36. g3 Rf3+ 37. Kxe4 Rxg3 38. Kxe5 Rf3 39. c4 g3 40. c5 g2 41. Rg1 Rg3 42. Nd6 Bf6+ 43. Kd5 Rg5+ 44. Kc4 Rg4+ 45. Kd3 Bd4 46. Rxg2 Rxg2 47. Kxd4 Kf6 48. Nxb7 Ke6 49. c6 Rc2 50. b5 Rc1 51. a4 1-0

[Event "January 9 Late 2024"]
[Site "https://www.chess.com"]
[Date "2024.01.09"]
[Round "8"]
[White "Sevian, Samuel"]
[Black "Theodorou, Nikolas"]
[Result "1-0"]
[Board "4"]
[TimeControl "180+1"]
[WhiteFideId "2040506"]
[BlackFideId "4262875"]
[WhiteElo "3147"]
[BlackElo "3039"]
[WhiteTeam "USA"]
[BlackTeam "GRE"]
[WhiteClock "0:00:14"]
[BlackClock "0:00:00"]

1. e4 b6 2. d4 Bb7 3. Bd3 d6 4. Nf3 Nd7 5. O-O e5 6. c3 Ngf6 7. Re1 g6 8. Nbd2 Bg7 9. Nf1 O-O 10. Ng3 Re8 11. h3 d5 12. exd5 exd4 13. Rxe8+ Qxe8 14. Nxd4 Nxd5 15. Bb5 a6 16. Bc6 Bxc6 17. Nxc6 N7f6 18. Nd4 c5 19. Nf3 Rd8 20. Qc2 b5 21. Bg5 h6 22. Re1 Qc6 23. Bc1 Re8 24. Rd1 Nb6 25. b3 Nfd5 26. Bd2 c4 27. Rc1 Rc8 28. Ne2 a5 29. Qd1 Qc5 30. Ned4 Re8 31. Qf1 Rc8 32. Qe1 Qa3 33. Nxb5 Qxa2 34. Nd6 Rd8 35. Nb7 Rb8 36. Ra1 Qxb3 37. Nxa5 Qc2 38. Nc6 Rc8 39. Ncd4 Qd3 40. Rd1 Na4 41. Ne5 Bxe5 42. Bxh6 Qxc3 43. Qxe5 1-0

[Event "January 9 Late 2024"]
[Site "https://www.chess.com"]
[Date "2024.01.09"]
[Round "8"]
[White "Martinez Alcantara, Jose Eduardo"]
[Black "Bortnyk, Olexandr"]
[Result "0-1"]
[Board "5"]
[TimeControl "180+1"]
[WhiteFideId "3805662"]
[BlackFideId "14120828"]
[WhiteElo "3015"]
[BlackElo "3115"]
[WhiteTeam "PER"]
[BlackTeam "UKR"]
[WhiteClock "0:00:03"]
[BlackClock "0:00:18"]

1. e4 g6 2. d4 Bg7 3. c3 c6 4. Nf3 d5 5. Nbd2 Bg4 6. Be2 e6 7. O-O Nd7 8. e5 Ne7 9. h3 Bxf3 10. Nxf3 c5 11. Bd3 Nc6 12. Be3 c4 13. Bc2 b5 14. Nh2 a5 15. Qd2 h6 16. Ng4 h5 17. Nh2 Qb6 18. Nf3 a4 19. a3 O-O-O 20. Ng5 Rdf8 21. f4 Kb7 22. Qf2 Ne7 23. g4 hxg4 24. hxg4 f6 25. exf6 Bxf6 26. Nf3 Nc8 27. Kg2 Nd6 28. Ne5 Bxe5 29. dxe5 Qc6 30. exd6 d4+ 31. Qf3 Qxf3+ 32. Rxf3 dxe3 33. Re1 Kc6 34. Rexe3 Kxd6 35. Rf2 Nf6 36. Rfe2 Nd5 37. Rxe6+ Kc7 38. Kg3 Nxf4 39. Re7+ Kd6 40. R2e4 Rh3+ 41. Kf2 Rh2+ 42. Kg1 Rxc2 43. Rd7+ Kxd7 44. Re7+ Kxe7 45. g5 Rd8 46. Kf1 Rd1# 0-1

[Event "January 9 Late 2024"]
[Site "https://www.chess.com"]
[Date "2024.01.09"]
[Round "8"]
[White "Hakobyan, Aram"]
[Black "Aronian, Levon"]
[Result "1/2-1/2"]
[Board "6"]
[TimeControl "180+1"]
[WhiteFideId "13306677"]
[BlackFideId "13300474"]
[WhiteElo "3015"]
[BlackElo "3113"]
[WhiteTeam "ARM"]
[BlackTeam "USA"]
[WhiteClock "0:00:13"]
[BlackClock "0:00:22"]

1. e4 c5 2. Nf3 e6 3. d4 cxd4 4. Qxd4 Nc6 5. Qe3 a6 6. Nc3 b5 7. Bd3 Bb7 8. O-O Rc8 9. a4 b4 10. Nd5 Nf6 11. Nxf6+ gxf6 12. Qe2 Qa5 13. Bf4 h5 14. Rad1 h4 15. h3 Ne7 16. Nd2 Ng6 17. Bh2 Qxa4 18. Nc4 Rc5 19. Ra1 Qc6 20. Na5 Qc8 21. Nxb7 Qxb7 22. Rxa6 Bh6 23. Rfa1 Bf4 24. Bxf4 Nxf4 25. Qe3 Nxd3 26. cxd3 Rc8 27. Qd4 Rh6 28. Rb6 Qc7 29. Qxb4 Rg6 30. Rb7 Qf4 31. Qb5 Rc1+ 32. Rxc1 Qxc1+ 33. Kh2 Qf4+ 34. Kg1 Qc1+ 35. Kh2 Qf4+ 36. Kg1 Qc1+ 1/2-1/2

[Event "January 9 Late 2024"]
[Site "https://www.chess.com"]
[Date "2024.01.09"]
[Round "8"]
[White "Deac, Bogdan-Daniel"]
[Black "Andreikin, Dmitry"]
[Result "0-1"]
[Board "7"]
[TimeControl "180+1"]
[WhiteFideId "1226380"]
[BlackFideId "4158814"]
[WhiteElo "3010"]
[BlackElo "3102"]
[WhiteTeam "ROU"]
[BlackTeam "FID"]
[WhiteClock "0:00:02"]
[BlackClock "0:00:24"]

1. d4 g6 2. e4 Bg7 3. Nf3 d6 4. h3 Nf6 5. Bd3 O-O 6. O-O Nc6 7. c3 e5 8. Re1 Re8 9. Na3 h6 10. Nc2 Nh5 11. Bf1 Bd7 12. g3 Nf6 13. dxe5 Nxe5 14. Nxe5 Rxe5 15. Bg2 Qc8 16. h4 Bh3 17. f3 Bxg2 18. Kxg2 d5 19. Bf4 Re8 20. exd5 Rxe1 21. Nxe1 Qf5 22. c4 b5 23. Qc2 bxc4 24. Qxf5 gxf5 25. Rc1 Re8 26. Kf1 Nxd5 27. Rxc4 Be5 28. Bd2 Bxg3 29. Nd3 Ne3+ 30. Bxe3 Rxe3 31. Kg2 Bd6 32. Rc3 Re2+ 33. Kf1 Rd2 34. a4 Kg7 35. b4 Kg6 36. b5 Kh5 37. Ne1 Kxh4 38. f4 Kg4 39. Nf3 Ra2 40. Ne5+ Kxf4 41. Nxf7 Rxa4 42. Nxh6 Rb4 43. Nf7 Rxb5 0-1

[Event "January 9 Late 2024"]
[Site "https://www.chess.com"]
[Date "2024.01.09"]
[Round "8"]
[White "Tabatabaei, M. Amin"]
[Black "Dominguez Perez, Leinier"]
[Result "1-0"]
[Board "8"]
[TimeControl "180+1"]
[WhiteFideId "12521213"]
[BlackFideId "3503240"]
[WhiteElo "3099"]
[BlackElo "3009"]
[WhiteTeam "IRI"]
[BlackTeam "USA"]
[WhiteClock "0:00:30"]
[BlackClock "0:00:00"]

1. c4 c5 2. g3 g6 3. Bg2 Bg7 4. Nc3 Nc6 5. d3 Nf6 6. a3 O-O 7. Rb1 d6 8. Nf3 a6 9. b4 cxb4 10. axb4 b5 11. cxb5 axb5 12. O-O Rb8 13. Bd2 Bd7 14. e4 Ng4 15. Ne2 Nge5 16. Be3 Nxf3+ 17. Bxf3 Bh3 18. Bg2 Bxg2 19. Kxg2 Qd7 20. d4 Ra8 21. Qd3 Rfb8 22. Rfc1 Ra4 23. Qc3 Rc8 24. Qd3 Rb8 25. Bd2 Qb7 26. f3 e6 27. Bc3 h5 28. d5 Ne5 29. Bxe5 Bxe5 30. dxe6 fxe6 31. Qb3 Qf7 32. f4 Bg7 33. Rc6 d5 34. e5 Rba8 35. Nd4 Ra3 36. Qc2 Ra2 37. Rb2 Rxb2 38. Qxb2 Re8 39. h4 Bf8 40. Qc3 Bg7 41. Rc7 Re7 42. Rc8+ 1-0

[Event "January 9 Late 2024"]
[Site "https://www.chess.com"]
[Date "2024.01.09"]
[Round "8"]
[White "Chigaev, Maksim"]
[Black "Bluebaum, Matthias"]
[Result "1/2-1/2"]
[Board "9"]
[TimeControl "180+1"]
[WhiteFideId "4108116"]
[BlackFideId "24651516"]
[WhiteElo "2987"]
[BlackElo "3083"]
[WhiteTeam "ESP"]
[BlackTeam "GER"]
[WhiteClock "0:00:04"]
[BlackClock "0:00:11"]

1. c4 e6 2. g3 d5 3. Bg2 Nf6 4. Nf3 Nc6 5. O-O Bd6 6. b3 O-O 7. d4 dxc4 8. bxc4 e5 9. c5 Be7 10. Nxe5 Nxd4 11. e3 Ne6 12. c6 Qxd1 13. Rxd1 b5 14. Nc3 b4 15. Nd5 Nxd5 16. Bxd5 a5 17. Bb2 a4 18. Rac1 Ra5 19. f4 Nc5 20. Kf2 Be6 21. Bxe6 fxe6 22. Nd7 Rd8 23. Be5 Na6 24. Kf3 b3 25. axb3 axb3 26. Rb1 Rb5 27. Rd3 Nc5 28. Nxc5 Rxc5 29. Rxd8+ Bxd8 30. Rxb3 Bf6 31. Bxc7 Rxc6 32. Ba5 Rc5 33. Rb8+ Kf7 34. Be1 g5 35. h3 h5 36. Rb7+ Kg6 37. Rb6 Kf7 38. Rb3 Kg6 39. Rd3 e5 40. fxg5 Bxg5 41. Rd6+ Kf7 42. h4 Bf6 43. Rd3 Rc4 44. e4 Ra4 45. Bf2 Be7 46. Be3 Ke6 47. Rb3 Bd6 48. Rc3 Rb4 49. Rc6 Rb3 50. Ke2 Rb2+ 51. Kf3 Rb3 52. Rb6 Ra3 53. Ke2 Ra2+ 54. Kf3 Ra3 55. Ke2 Ra2+ 56. Kf3 Ra3 1/2-1/2

[Event "January 9 Late 2024"]
[Site "https://www.chess.com"]
[Date "2024.01.09"]
[Round "8"]
[White "Fedoseev, Vladimir"]
[Black "Zhigalko, Sergei"]
[Result "0-1"]
[Board "10"]
[TimeControl "180+1"]
[WhiteFideId "24130737"]
[BlackFideId "13502956"]
[WhiteElo "3050"]
[BlackElo "2943"]
[WhiteTeam "SLO"]
[BlackTeam "BLR"]
[WhiteClock "0:00:00"]
[BlackClock "0:00:02"]

1. c4 e5 2. g3 Nf6 3. Bg2 c6 4. d4 exd4 5. Qxd4 Na6 6. Nf3 Bc5 7. Qd1 O-O 8. O-O Re8 9. Nc3 Bf8 10. Nd4 Nc5 11. Qc2 a5 12. b3 d6 13. e4 g6 14. Bb2 Bg7 15. Rad1 Qb6 16. h3 h5 17. Rfe1 a4 18. Nxa4 Nxa4 19. bxa4 Qa6 20. Nb3 Qxa4 21. Rxd6 Be6 22. Rc1 Qb4 23. e5 Nd7 24. a3 Qb6 25. c5 Qc7 26. Nd4 Nf8 27. f4 Bc8 28. h4 Ne6 29. Nxe6 Bxe6 30. Be4 Bg4 31. Kh2 Qa5 32. Bd3 Bf8 33. Bc4 Kg7 34. e6+ f6 35. Rd7+ Re7 36. Qd3 Qxc5 37. Bb3 Qf2+ 0-1

[Event "January 9 Late 2024"]
[Site "https://www.chess.com"]
[Date "2024.01.09"]
[Round "8"]
[White "Grischuk, Alexander"]
[Black "Alekseenko, Kirill"]
[Result "1-0"]
[Board "11"]
[TimeControl "180+1"]
[WhiteFideId "4126025"]
[BlackFideId "4135539"]
[WhiteElo "3052"]
[BlackElo "2948"]
[WhiteTeam "RUS"]
[BlackTeam "AUT"]
[WhiteClock "0:00:04"]
[BlackClock "0:00:01"]

1. d4 d5 2. c4 dxc4 3. e4 Nf6 4. e5 Nd5 5. Bxc4 Nb6 6. Bd3 Nc6 7. Be3 Be6 8. Nc3 Qd7 9. Nf3 Nb4 10. Be4 Bf5 11. O-O Bxe4 12. Nxe4 e6 13. a3 N4d5 14. Qc2 O-O-O 15. Bg5 Re8 16. Rfc1 h6 17. Bd2 Kb8 18. Nc5 Bxc5 19. dxc5 Nc8 20. c6 Qxc6 21. Qxc6 bxc6 22. Rxc6 Rd8 23. Rac1 Nce7 24. R6c5 Kb7 25. h4 Rd7 26. g3 Nb6 27. Ba5 Rc8 28. Kg2 Rd5 29. h5 Rxc5 30. Rxc5 Rd8 31. Rc2 Nc6 32. Bc3 Nc4 33. Re2 Rd3 34. Re4 Nxa3 35. Ne1 Rxc3 36. bxc3 a5 37. Nd3 Kb6 38. Rg4 Nb5 39. Rxg7 a4 40. Nb2 a3 41. Nc4+ Kc5 42. Nxa3 Nxa3 43. Rxf7 Nb5 44. f4 Nxc3 45. Rxc7 Kd5 46. Rh7 Nd4 47. Rxh6 Ke4 48. Rf6 Nd5 49. h6 Ne3+ 50. Kh3 Nf3 51. h7 Ng1+ 52. Kh4 Nf3+ 53. Kh5 1-0

[Event "January 9 Late 2024"]
[Site "https://www.chess.com"]
[Date "2024.01.09"]
[Round "8"]
[White "Oparin, Grigoriy"]
[Black "Fressinet, Laurent"]
[Result "1-0"]
[Board "12"]
[TimeControl "180+1"]
[WhiteFideId "24125890"]
[BlackFideId "608742"]
[WhiteElo "3060"]
[BlackElo "2972"]
[WhiteTeam "USA"]
[BlackTeam "FRA"]
[WhiteClock "0:00:26"]
[BlackClock "0:00:01"]

1. e4 c5 2. Nf3 Nc6 3. Nc3 Nf6 4. Bb5 Qc7 5. O-O Nd4 6. Re1 Ng4 7. g3 Nxf3+ 8. Qxf3 Ne5 9. Qg2 e6 10. f4 Nc6 11. Bf1 a6 12. d3 Nd4 13. Be3 b5 14. Qf2 Bb7 15. Bg2 Be7 16. Rac1 h5 17. h4 g6 18. Kh2 O-O 19. Bxd4 cxd4 20. Ne2 Rac8 21. Nxd4 Bc5 22. c3 e5 23. fxe5 Qxe5 24. Rf1 b4 25. Nf3 Bxf2 26. Nxe5 Be3 27. Rc2 Bd4 28. Nc4 bxc3 29. bxc3 Bc5 30. e5 Bc6 31. Bxc6 Rxc6 32. Rb1 f6 33. Rf1 Be7 34. exf6 Rfxf6 35. Kg2 Rfe6 36. Na5 Rc7 37. Nb3 Bf6 38. c4 Kg7 39. Rff2 Re3 40. Rf3 Re1 41. Kf2 Re6 42. Re2 Rxe2+ 43. Kxe2 a5 44. Nxa5 Ra7 45. Nb3 Rxa2+ 46. Ke3 g5 47. hxg5 Bxg5+ 48. Ke4 Kg6 49. Nc5 d6 50. Ne6 Be7 51. d4 Re2+ 52. Kd5 Re1 53. Nc7 Kg5 54. Rf7 Kg4 55. Rg7+ Kf3 56. Ne6 Bf6 57. Rf7 Kxg3 58. Rxf6 h4 59. Rg6+ Kf3 60. Kxd6 Rd1 61. d5 h3 62. Ng5+ 1-0

[Event "January 9 Late 2024"]
[Site "https://www.chess.com"]
[Date "2024.01.09"]
[Round "8"]
[White "Van Foreest, Jorden"]
[Black "Svane, Frederik"]
[Result "1-0"]
[Board "13"]
[TimeControl "180+1"]
[WhiteFideId "1039784"]
[BlackFideId "12923044"]
[WhiteElo "3038"]
[BlackElo "2958"]
[WhiteTeam "NED"]
[BlackTeam "GER"]
[WhiteClock "0:01:01"]
[BlackClock "0:00:06"]

1. Nf3 c5 2. e3 Nf6 3. d4 d5 4. Nbd2 cxd4 5. exd4 Nc6 6. c3 Bf5 7. Be2 e6 8. Nh4 Bd6 9. Nxf5 exf5 10. O-O O-O 11. Nf3 Qc7 12. Bd3 Ne4 13. g3 Rfe8 14. Kg2 f4 15. c4 fxg3 16. hxg3 Bxg3 17. Bxe4 dxe4 18. fxg3 exf3+ 19. Rxf3 Rad8 20. Bf4 Qb6 21. d5 Qxb2+ 22. Rf2 Qb4 23. Qb3 Qxb3 24. axb3 Nd4 25. Rxa7 Rd7 26. b4 h6 27. c5 Rxd5 28. Rxb7 Nc6 29. Bd6 f6 30. b5 Nd4 31. Rd2 Rc8 32. b6 Kh7 33. Ra7 Rd8 34. b7 R5xd6 35. cxd6 Nc6 36. Ra8 Nb8 37. Rxb8 Kg6 38. Rxd8 Kf5 39. b8=Q g5 40. Qc8+ Kg6 41. Rg8+ Kh5 42. Qh3# 1-0

[Event "January 9 Late 2024"]
[Site "https://www.chess.com"]
[Date "2024.01.09"]
[Round "8"]
[White "Nguyen, Ngoc Truong Son"]
[Black "Pranav, V"]
[Result "0-1"]
[Board "14"]
[TimeControl "180+1"]
[WhiteFideId "12401110"]
[BlackFideId "25060783"]
[WhiteElo "2951"]
[BlackElo "3037"]
[WhiteTeam "VIE"]
[BlackTeam "IND"]
[WhiteClock "0:00:00"]
[BlackClock "0:01:27"]

1. d4 Nf6 2. c4 e6 3. Nc3 Bb4 4. e3 O-O 5. Bd3 d5 6. Nf3 b6 7. Bd2 Bb7 8. cxd5 exd5 9. Qc2 Nbd7 10. O-O-O c5 11. Kb1 Rc8 12. g4 cxd4 13. Nxd4 Ne5 14. Bf5 Rc7 15. g5 Ne4 16. Nxe4 Rxc2 17. Bxb4 Rc7 18. Bxf8 Qxf8 19. Nd2 g6 20. Bc2 Ba6 21. N2b3 Qc8 22. h4 Nf3 23. Nxf3 Rxc2 24. Rd2 Rxd2 25. Nbxd2 Bd3+ 26. Ka1 Qf5 27. Rh2 Be4 28. Nd4 Qg4 0-1